[Event "*** Biggest EVER Titled Tuesday"]
[Site "Chess.com"]
[Date "2018.04.17"]
[Round "1"]
[White "muran29"]
[Black "amintabatabaei"]
[Result "1/2-1/2"]
[WhiteElo "2360"]
[BlackElo "2649"]
[TimeControl "180+2"]
[EndTime "13:09:09 PDT"]
[Termination "Game drawn - insufficient material"]

1. d4 e6 2. c4 b6 3. e4 Bb7 4. Nc3 Bb4 5. Bd3 f5 6. Qh5+ g6 7.
Qe2 fxe4 8. Bxe4 Bxe4 9. Qxe4 Nc6 10. Nf3 Nf6 11. Qe2 O-O 12. O-O Bxc3 13. bxc3 Qe7 14.
Bh6 Rfe8 15. Bg5 Qf7 16. Ne5 Nxe5 17. dxe5 Nh5 18. f4 d5 19. g4 Ng7 20. Bf6 c6 21. cxd5 cxd5 22. c4 dxc4 23. Qxc4 Rec8 24. Qe4 Ne8 25.
f5 Nxf6 26. exf6 exf5 27. gxf5 Qxf6 28. Qd5+ Kh8 29. fxg6 Qxg6+ 30. Kh1 Rf8 31. Qb7 Rxf1+ 32. Rxf1 Rg8 33. Qf3 Qg7 34. Qf6 Qxf6 35. Rxf6 Kg7 36. Rc6 Rf8 37. Kg2 Rf6 38. Rc2 a5 39. a4 Kg6 40.
Kg3 Rd6 41. Kf3 Kf5 42. Rc7 Rd4 43. Rxh7 Rxa4 44. Rh5+ Ke6 45. Rh6+ Kd5 46. Rxb6 Kc5 47. Rb8 Rb4 48. Ra8 Kb5 49. Kg3 a4 50. h4 Rc4 51.
h5 Kb4 52. h6 Rc7 53. Kg4 a3 54. Kg5 Kb3 55. Kg6 Rc6+ 56. Kg7 Rc7+ 57. Kg6 Rc1 58. h7 Rg1+ 59. Kf6 Rf1+ 60. Ke5 Rh1 61. h8=Q Rxh8 62. Rxh8 a2 63. Ra8 Kb2 64. Kd4 a1=Q 65. Rxa1 Kxa1 1/2-1/2

[Event "*** Biggest EVER Titled Tuesday"]
[Site "Chess.com"]
[Date "2018.04.17"]
[Round "1"]
[White "Marcus_Harvey"]
[Black "Thee-Chessboy"]
[Result "1-0"]
[WhiteElo "2626"]
[BlackElo "2298"]
[TimeControl "180+2"]
[EndTime "13:09:10 PDT"]
[Termination "Marcus_Harvey won by checkmate"]

1. d4 Nf6 2. Bf4 e6 3. e3 c5 4.
Nf3 Qb6 5. Nc3 Nc6 6. Nb5 Nd5 7. Bd6 cxd4 8. Bxf8 Kxf8 9. Nfxd4 a6 10. Nc3 Nxc3 11. bxc3 d5 12. Bd3 e5 13. Nb3 g6 14. Qf3 Ne7 15. Qg3 f6 16. O-O Kg7 17. Rab1 Qc7 18.
e4 dxe4 19. Bxe4 Be6 20. Qe3 Rac8 21. Qa7 f5 22. Bxb7 Bc4 23. Rfd1 Rcd8 24. Nc5 Rxd1+ 25. Rxd1 Rd8 26. Rxd8 Qxd8 27. Bf3 e4 28. Be2 Bxa2 29.
Qxa6 Bf7 30. Ne6+ Bxe6 31. Qxe6 Ng8 32. g3 Nf6 33. Qe5 Kf8 34. Kg2 Qe7 35. Qb8+ Kg7 36.
Bc4 Qd7 37. Qe5 Qa7 38. h3 Qb7 39. g4 e3+ 40. f3 f4 41. g5 e2 42. Qxf6# 1-0

[Event "*** Biggest EVER Titled Tuesday"]
[Site "Chess.com"]
[Date "2018.04.17"]
[Round "1"]
[White "johnathan113"]
[Black "kikoveiga"]
[Result "1-0"]
[WhiteElo "2537"]
[BlackElo "2175"]
[TimeControl "180+2"]
[EndTime "13:09:13 PDT"]
[Termination "johnathan113 won by resignation"]

1. d4 Nf6 2. Nc3 d5 3. Bf4 a6 4.
e3 e6 5. Nf3 Be7 6. Bd3 O-O 7.
O-O c5 8. Re1 b5 9. a3 Bb7 10.
dxc5 Bxc5 11. Bg5 h6 12. Bh4 Nbd7 13. e4 dxe4 14. Nxe4 Be7 15. Bg3 Qb6 16. Qe2 Nc5 17.
Nxc5 Bxc5 18. Ne5 Rad8 19. Rad1 Ba8 20. Bh4 Qb7 21. Qf1 Be7 22. Be2 Rxd1 23. Bxd1 Qc7 24. Bg3 Bd6 25. Qd3 Rd8 26. Bf3 Bxf3 27. Qxf3 Qxc2 28.
Nc6 Rd7 29. b4 Bxg3 30. hxg3 Nd5 31. Ne5 Rc7 32. Kh2 Qc3 33. Qe4 Qc2 34. Qd4 Qc3 35. Qe4 Nf6 36. Qa8+ Kh7 37. Qd8 Rb7 38. Re3 Qc7 39. Qf8 Qe7 40. Qc8 Rc7 41. Qxa6 Rc1 42.
Qxb5 Qd6 43. Qd3+ g6 44. Qxd6 Kg7 45. Qe7 Rc7 46. Qxc7 Nd5 47. Qxf7+ Kh8 1-0

[Event "*** Biggest EVER Titled Tuesday"]
[Site "Chess.com"]
[Date "2018.04.17"]
[Round "1"]
[White "Robin-Side"]
[Black "StoreySniper"]
[Result "0-1"]
[WhiteElo "2531"]
[BlackElo "2239"]
[TimeControl "180+2"]
[EndTime "13:09:17 PDT"]
[Termination "StoreySniper won on time"]

1. d4 g6 2. e4 Bg7 3. Nc3 c5 4.
d5 d6 5. Be2 e5 6. dxe6 fxe6 7.
Nf3 Nc6 8. Bf4 e5 9. Bg5 Bf6 10. h4 Nd4 11. Nd5 Nxf3+ 12. Bxf3 Bxg5 13. hxg5 Be6 14. Qd2 Bxd5 15. Qxd5 Qd7 16. O-O-O O-O-O 17. Rh4 Kb8 18. Rdh1 Qe7 19. Kb1 a6 20. a4 Ka7 21. Bg4 Qxg5 22.
Rxh7 Ne7 23. Qe6 Rhe8 24. Bf3 Nc6 25. Qg4 Qd2 26. Qxg6 Nb4 27. Rc1 Rh8 28. Bg4 Rxh7 29. Qxh7 Qxf2 30. Qc7 Rb8 31. Qxd6 Qd4 32. Qxd4 cxd4 33.
Bf5 d3 34. cxd3 Nxd3 35. Rd1 Nf4 36. g3 Ne2 37. g4 Nd4 38. g5 Rf8 39. Rf1 Ne6 40.
g6 Nf4 41. Ka2 Nxg6 42. Rc1 Nf4 43. Rc5 Nd3 44. Rc7 Nb4+ 45. Kb3 Nc6 46. Be6 Nd4+ 47. Kc4 Nxe6 48. Kd5 Nxc7+ 0-1

[Event "*** Biggest EVER Titled Tuesday"]
[Site "Chess.com"]
[Date "2018.04.17"]
[Round "1"]
[White "MrRooke6"]
[Black "Robert_Chessmood"]
[Result "0-1"]
[WhiteElo "2401"]
[BlackElo "2763"]
[TimeControl "180+2"]
[EndTime "13:09:18 PDT"]
[Termination "Robert_Chessmood won by resignation"]

1. e4 e5 2. Nf3 Nc6 3. Bb5 Nf6 4. d3 Bc5 5. Bxc6 dxc6 6. Nbd2 Be6 7. Qe2 Bd6 8. Nc4 Bxc4 9. dxc4 Nd7 10. Bg5 f6 11. Bd2 Qe7 12. O-O-O O-O-O 13. h4 h5 14. g3 b6 15. Ne1 Nc5 16. Ng2 Ne6 17. c3 Kb7 18. Ne3 g6 19. f3 Rd7 20. Be1 Rhd8 21. Bf2 a5 22. Rd2 Bc5 23. Rhd1 Rd6 24. Nc2 Bxf2 25. Qxf2 Nc5 26. Ne1 Qe6 27. b3 f5 28. Rxd6 Rxd6 29. Rxd6 cxd6 30. exf5 gxf5 31. Qe3 Qf6 32. Qg5 Qxg5+ 33.
hxg5 Ne6 34. g6 Kc7 35. Ng2 Kd7 36. Nh4 Ng7 37. Kd2 Ke6 38. Ke3 Kf6 39. b4 Kg5 40.
bxa5 bxa5 41. c5 dxc5 42. Ng2 Kxg6 43. Kd3 Ne6 44. Kc4 f4 45. gxf4 exf4 46. Kd3 Kg5 47. Ke4 h4 48. Nxh4 Kxh4 49. Kf5 Kg3 0-1

[Event "*** Biggest EVER Titled Tuesday"]
[Site "Chess.com"]
[Date "2018.04.17"]
[Round "1"]
[White "xavielhumilde_1999"]
[Black "dreamist"]
[Result "1-0"]
[WhiteElo "2190"]
[BlackElo "2512"]
[TimeControl "180+2"]
[EndTime "13:09:21 PDT"]
[Termination "xavielhumilde_1999 won by checkmate"]

1. e4 c5 2. Nf3 d6 3. d4 Nf6 4.
Nc3 cxd4 5. Nxd4 a6 6. f3 g6 7. Be3 Bg7 8. Qd2 Nbd7 9. O-O-O Qc7 10. Bh6 Bxh6 11. Qxh6 b5 12. Kb1 Bb7 13. h4 Rc8 14.
Qd2 h5 15. a3 Ne5 16. Be2 Nfd7 17. f4 Nc4 18. Bxc4 Qxc4 19. Rhe1 Qc5 20. f5 Rg8 21. Qh6 Ne5 22. Qh7 Kd7 23. Nf3 Nc4 24. Qxf7 Nxa3+ 25. bxa3 Qxc3 26. Qe6+ Kc7 27. Rd3 Qc4 28. Qxe7+ Kb8 29. Qxd6+ Ka8 30. Rd2 gxf5 31. exf5 Rg4 32. Ne5 Qf4 33.
Nxg4 Qxg4 34. Qd4 Qxf5 35. Rf2 Qg6 36. Re7 Qc6 37. Qd7 Qb6 38. Rf6 Qa7 39. Rff7 Rb8 40. Qc7 b4 41. axb4 Qg1+ 42. Kb2 Qd4+ 43. Qc3 Qd6 44. Qc5 Qg6 45. b5 Qg3 46. Ka2 Qg8 47.
bxa6 Bc6 48. Qa7# 1-0

[Event "*** Biggest EVER Titled Tuesday"]
[Site "Chess.com"]
[Date "2018.04.17"]
[Round "1"]
[White "PenguinPacks"]
[Black "EndgameGrinder"]
[Result "1-0"]
[WhiteElo "2161"]
[BlackElo "2494"]
[TimeControl "180+2"]
[EndTime "13:09:21 PDT"]
[Termination "PenguinPacks won by checkmate"]

1. d4 Nf6 2. c4 e6 3. Nc3 Bb4 4. Qc2 c5 5. dxc5 Bxc5 6. Nf3 Qb6 7. e3 Qc7 8. a3 b6 9. b4 Be7 10. Bd3 Bb7 11. Bb2 d6 12. O-O Nbd7 13. Rfd1 O-O 14. Rac1 Rac8 15. Qe2 Qb8 16. Nb1 Rfd8 17. Nbd2 Qa8 18.
e4 a5 19. Re1 Ng4 20. Bb1 Nge5 21. Nd4 Nc6 22. Nxc6 Bxc6 23. f3 Bf6 24. Nf1 axb4 25. Bxf6 Nxf6 26. axb4 Qa4 27. b5 Bb7 28. Ne3 Nd7 29.
Kh1 Ne5 30. f4 Ng6 31. Qf3 f5 32. Rf1 Rc5 33. Qh3 Qa3 34. exf5 Nxf4 35. Qg3 e5 36. f6 g6 37. Rce1 Rf8 38. Qg5 Rc7 39. Nd5 Bxd5 40.
cxd5 Rcf7 41. g3 Nd3 42. Re3 e4 43. Rxe4 Nc5 44. Re7 Nd3 45. Re3 Qc5 46. Rxd3 Qxb5 47. Rdf3 Kh8 48. Bxg6 Ra7 49. Qh6 Rd8 50. f7 Qxd5 51.
Qxh7# 1-0

[Event "*** Biggest EVER Titled Tuesday"]
[Site "Chess.com"]
[Date "2018.04.17"]
[Round "1"]
[White "TST2014"]
[Black "platy3"]
[Result "0-1"]
[WhiteElo "2350"]
[BlackElo "2665"]
[TimeControl "180+2"]
[EndTime "13:09:22 PDT"]
[Termination "platy3 won by checkmate"]

1. d4 Nf6 2. c4 g6 3. Nc3 Bg7 4. e4 d6 5. Be2 O-O 6. Nf3 e5 7. O-O Nc6 8. d5 Ne7 9. b4 a5 10. bxa5 c5 11. a4 Rxa5 12. Ra3 Ne8 13. Bd2 h6 14.
Ne1 Ra6 15. Nd3 f5 16. exf5 gxf5 17. f4 e4 18. Nf2 Bd4 19. Kh1 Kh7 20. Qc1 Ng6 21. Bh5 Qh4 22. Bxg6+ Kxg6 23. g3 Qf6 24. Nb5 Bd7 25. a5 b6 26. Nd1 bxa5 27. Rxa5 Rxa5 28. Bxa5 Bxb5 29. cxb5 Qf7 30. Qc4 Nf6 31. Nc3 Ra8 32. Ra1 Nxd5 33. Rb1 Nf6 34. Qxf7+ Kxf7 35. b6 Rxa5 36. b7 Nd7 37. Nd5 Ra1 38. Rxa1 Bxa1 39. Nb6 Nb8 40. Kg2 Ke6 41. Kf2 d5 42. Ke3 Bd4+ 43.
Kd2 c4 44. Nc8 Kd7 45. h3 Kc7 46. Ne7 Kxb7 47. Nxd5 Nc6 48. g4 fxg4 49. hxg4 Kc8 50.
g5 hxg5 51. fxg5 Kd7 52. g6 Ke6 53. g7 Bxg7 54. Nb6 c3+ 55. Ke3 Bd4+ 56. Kxe4 Bxb6 57.
Kd3 Bd4 58. Kc2 Kd5 59. Kd3 Ne5+ 60. Kc2 Kc4 61. Kc1 Kb3 62. Kd1 c2+ 63. Kc1 Be3# 0-1

[Event "*** Biggest EVER Titled Tuesday"]
[Site "Chess.com"]
[Date "2018.04.17"]
[Round "1"]
[White "hilary444"]
[Black "ChessicallyInclined"]
[Result "1-0"]
[WhiteElo "2518"]
[BlackElo "2149"]
[TimeControl "180+2"]
[EndTime "13:09:22 PDT"]
[Termination "hilary444 won by resignation"]

1. e4 e5 2. Nf3 Nc6 3. Bb5 a6 4.
Ba4 Nf6 5. O-O Be7 6. Re1 b5 7. Bb3 d6 8. c3 O-O 9. h3 Nb8 10. d4 Nbd7 11. Nbd2 Bb7 12. Bc2 Re8 13. a4 c6 14. b4 Bf8 15. Nb3 Rc8 16. Na5 Ba8 17. Bb2 Nb6 18. axb5 cxb5 19. d5 Qd7 20. Bd3 Nbxd5 21.
exd5 e4 22. Bc2 exf3 23. Qxf3 Bxd5 24. Qf4 Rxe1+ 25. Rxe1 Be6 26. c4 bxc4 27. Bxf6 gxf6 28. Qxf6 Bg7 29. Qh4 h6 30. Qe4 d5 31. Qh7+ Kf8 32. f4 d4 33. f5 Bd5 34. f6 Bxf6 35. Bf5 Qc7 36. Bxc8 Qxc8 37. Qxh6+ Bg7 38. Qd6+ Kg8 39. Qxd5 c3 40. Nc6 Qc7 41. Re8+ Kh7 42. Qh5+ Bh6 43.
Qf5+ Kg7 44. Qg4+ Kf6 45. Qxd4+ Kg6 46. Qd3+ Kg7 47. Qxc3+ Kg6 48. Ne5+ Kg7 49. Qxc7 1-0

[Event "*** Biggest EVER Titled Tuesday"]
[Site "Chess.com"]
[Date "2018.04.17"]
[Round "1"]
[White "LyonBeast"]
[Black "Aygehovit1992"]
[Result "1-0"]
[WhiteElo "2801"]
[BlackElo "2410"]
[TimeControl "180+2"]
[EndTime "13:09:26 PDT"]
[Termination "LyonBeast won on time"]

1. e4 e5 2. Nf3 Nc6 3. Bc4 Bc5 4.
c3 Nf6 5. d3 d6 6. O-O Bb6 7. h3 Ne7 8. Re1 Ng6 9. Nbd2 O-O 10.
Nf1 Be6 11. Ng3 Qd7 12. Bg5 Bxc4 13. dxc4 Qe6 14. a4 a5 15. b3 Nf4 16. Ra2 h6 17. Bxf6 Qxf6 18. Kh2 g6 19. Nf1 c6 20. Rd2 Rad8 21. g3 Nh5 22. Kg2 Ng7 23. Ne3 h5 24. h4 Qe7 25. Qc2 Ne6 26. Nh2 Nc5 27. Red1 Ne6 28. Nhf1 Rd7 29. Re2 Rfd8 30. Nh2 Bxe3 31. Rxe3 d5 32. exd5 cxd5 33. cxd5 Rxd5 34. Rxd5 Rxd5 35.
Nf3 Qc7 36. Qe4 Rc5 37. c4 Nd4 38. Nxd4 exd4 39. Qxd4 Qc6+ 40. Kg1 Rf5 41. Qd8+ Kg7 42. Re8 Qc5 43. Re3 Qc6 44. Qd2 Qf6 45. Rd3 b6 46. Rd5 Rf3 47. Rd3 Rf5 48. Kg2 Qc6+ 49. Rd5 Kg8 50.
Qd4 1-0

[Event "*** Biggest EVER Titled Tuesday"]
[Site "Chess.com"]
[Date "2018.04.17"]
[Round "1"]
[White "jcibarra"]
[Black "martinique24"]
[Result "0-1"]
[WhiteElo "2608"]
[BlackElo "2332"]
[TimeControl "180+2"]
[EndTime "13:09:26 PDT"]
[Termination "martinique24 won by resignation"]

1. e4 c5 2. Nf3 d6 3. d4 cxd4 4. Nxd4 Nf6 5. Nc3 a6 6. Be3 e5 7.
Nf3 Qc7 8. a4 Be7 9. a5 O-O 10.
Be2 Nc6 11. Bb6 Qb8 12. Nd5 Nxe4 13. Bc7 Qa7 14. Bb6 Qb8 15. Ra4 Nc5 16. Rc4 Be6 17.
b4 Bxd5 18. Qxd5 Nd7 19. Rxc6 bxc6 20. Qxc6 Qc8 21. Qe4 Nxb6 22. axb6 Rb8 23. Bd3 g6 24. Bc4 Rxb6 25. O-O Bf6 26. Rd1 Bg7 27. g3 Rc6 28.
Bb3 Qc7 29. h4 Kh8 30. h5 Rb6 31. Ng5 Qe7 32. Qg4 d5 33. hxg6 fxg6 34. Bxd5 Rxb4 35. c4 Rb2 36. Ne4 Qa7 37. Rf1 a5 38. Kg2 a4 39.
Rh1 Rbxf2+ 40. Nxf2 Qxf2+ 41. Kh3 Qf5 42. Ra1 e4 43.
Rxa4 Qf1+ 44. Kh4 Bf6+ 45. Qg5 Qh1+ 46. Kg4 Qf3+ 47. Kh3 Bxg5 0-1

[Event "*** Biggest EVER Titled Tuesday"]
[Site "Chess.com"]
[Date "2018.04.17"]
[Round "1"]
[White "David_Paravyan"]
[Black "kikydu96"]
[Result "1-0"]
[WhiteElo "2690"]
[BlackElo "2357"]
[TimeControl "180+2"]
[EndTime "13:09:27 PDT"]
[Termination "David_Paravyan won by resignation"]

1. e4 e5 2. Nf3 Nc6 3. Bc4 Nf6 4. d3 Bc5 5. c3 d6 6. a4 a6 7. O-O Ba7 8. h3 h6 9. Re1 O-O 10. a5 Nh5 11. d4 Qf6 12. Be3 Nf4 13. Bf1 g5 14. d5 Ne7 15. Nh2 Neg6 16. Ng4 Qg7 17.
Bxa7 Rxa7 18. g3 Nxh3+ 19. Bxh3 h5 20. Ne3 Bxh3 21. Qxh5 g4 22. Nxg4 Nf4 23. gxf4 Bxg4 24. Qg5 Qxg5 25. fxg5 Kg7 26. Nd2 Kg6 27. f3 Bd7 28.
Kf2 Rh8 29. Rh1 Raa8 30. f4 exf4 31. Kf3 Kxg5 32. Rag1+ Kf6 33. Kxf4 Rag8 34. Nf3 Rxh1 35. Rxh1 Rg2 36. Rh6+ Kg7 37. Rh2 Rg4+ 38. Ke3 f5 39. exf5 Bxf5 40. Nd4 Bd7 41. Kd3 Kf6 42. b4 Bb5+ 43.
Nxb5 axb5 44. Rh7 Rg3+ 45. Kc2 Rg7 46. Rxg7 Kxg7 47. c4 bxc4 48. b5 1-0

[Event "*** Biggest EVER Titled Tuesday"]
[Site "Chess.com"]
[Date "2018.04.17"]
[Round "1"]
[White "AndrewDGreen"]
[Black "colemman"]
[Result "1/2-1/2"]
[WhiteElo "2133"]
[BlackElo "2491"]
[TimeControl "180+2"]
[EndTime "13:09:27 PDT"]
[Termination "Game drawn - insufficient material"]

1. d4 d5 2. Bf4 Nf6 3. e3 c6 4. c4 Bf5 5. Qb3 Qb6 6. c5 Qxb3 7. axb3 Bxb1 8. Rxb1 Nbd7 9. b4 a6 10. Ra1 Rc8 11. Nf3 Nh5 12. Bg5 h6 13. Bh4 g5 14.
Bg3 Bg7 15. Kd2 O-O 16. Bd3 Rfe8 17. Kc2 Nxg3 18. hxg3 e5 19. Bf5 Re7 20. Bxd7 Rxd7 21. Nxe5 Bxe5 22. dxe5 Kg7 23. f4 d4 24. e4 d3+ 25. Kc3 Rcd8 26. Rad1 d2 27. Rhf1 Rd3+ 28. Kc2 Rxg3 29. Rf2 gxf4 30. Rdxd2 Rxd2+ 31. Rxd2 Re3 32. Rd7 Rxe4 33. Rxb7 Rxe5 34. Rb6 Re2+ 35. Kd3 Rxg2 36. Ke4 f3 37. Kxf3 Rxb2 38. Rxc6 Rxb4 39. Rxa6 Rc4 40. Rc6 f6 41. Rc7+ Kg6 42. c6 h5 43. Rc8 Kf5 44. Kg3 Rc3+ 45. Kh4 Rc1 46. c7 Kf4 47. Kxh5 f5 48. Kg6 Rc6+ 49. Kf7 Kf3 50. Ke7 f4 51. Kd7 Rc1 52. Rf8 Rd1+ 53. Ke6 Rc1 54. c8=Q Rxc8 55. Rxc8 Kg2 56. Rg8+ Kf2 57. Rf8 f3 58. Kf5 Ke1 59. Re8+ Kd2 60. Kg4 f2 61. Rf8 Ke1 62. Re8+ Kd2 63.
Rf8 Ke2 64. Kg3 f1=Q 65. Rxf1 Kxf1 1/2-1/2

[Event "*** Biggest EVER Titled Tuesday"]
[Site "Chess.com"]
[Date "2018.04.17"]
[Round "1"]
[White "djano"]
[Black "silverback96"]
[Result "1-0"]
[WhiteElo "2463"]
[BlackElo "2047"]
[TimeControl "180+2"]
[EndTime "13:09:27 PDT"]
[Termination "djano won by resignation"]

1. d4 Nf6 2. c4 c5 3. Nf3 cxd4 4.
Nxd4 e5 5. Nb5 d5 6. cxd5 Bc5 7. e3 O-O 8. N5c3 e4 9. Be2 Bf5 10. O-O Qe7 11. Qb3 Rd8 12. Rd1 Bd6 13. Nd2 Na6 14. Nf1 Nc5 15. Qc2 a5 16. b3 Ng4 17. Bb2 Qh4 18.
Bxg4 Qxg4 19. Nb5 Nd3 20. Nxd6 Rxd6 21. Ng3 Rc8 22. Qd2 Rxd5 23. Bd4 h5 24. Qe2 Qg6 25. Qxh5 Qxh5 26. Nxh5 Bg4 27. Ng3 Bxd1 28. Rxd1 f5 29.
f3 Nb4 30. fxe4 fxe4 31. Nxe4 Re8 32. Nc3 Rd6 33. Rf1 Nc2 34. Nb5 Rd5 35. Nc7 Rxd4 36. exd4 Re7 37. Nb5 Rd7 38. Rf4 Rd5 39. a4 Na1 40.
Rf3 Nc2 41. Rd3 Nb4 42. Rd2 Kf7 43. Kf2 Ke6 44. Ke3 Rh5 45. h3 Nd5+ 46. Kf3 Rf5+ 47. Kg3 Rg5+ 48. Kf2 Rf5+ 49. Kg1 Ne3 50. Re2 Rf1+ 51.
Kh2 Kd5 52. Rxe3 1-0

[Event "*** Biggest EVER Titled Tuesday"]
[Site "Chess.com"]
[Date "2018.04.17"]
[Round "1"]
[White "Kangoroo3000"]
[Black "OparinGrigoriy"]
[Result "0-1"]
[WhiteElo "2428"]
[BlackElo "2857"]
[TimeControl "180+2"]
[EndTime "13:09:28 PDT"]
[Termination "OparinGrigoriy won by resignation"]

1. d4 Nf6 2. c4 e6 3. Nf3 Bb4+ 4. Nbd2 O-O 5. a3 Be7 6. e4 d6 7. Qc2 Nfd7 8. Be2 e5 9. Nb1 exd4 10. Nxd4 Bf6 11.
Be3 Nc6 12. Nxc6 bxc6 13. Nc3 Re8 14. f3 Nc5 15. O-O a5 16. Rad1 Qe7 17. Rfe1 a4 18. Bf1 h6 19. g3 Rb8 20. Bg2 Ba6 21. Nxa4 Nb3 22. f4 c5 23. Nxc5 dxc5 24. e5 Nd4 25. Qf2 Bxc4 26. exf6 Qxf6 27. Rc1 Rxb2 28. Qxb2 Nf3+ 29.
Bxf3 Qxb2 30. Rxc4 Qxa3 31. Re4 Rd8 32. Bf2 Qxf3 33.
R1e3 Qd1+ 34. Kg2 Qd5 35. Kg1 c4 36. Re5 Qd1+ 37. Re1 Qd3 38. Rc5 c3 39. Rc1 Qe2 40.
R5xc3 Rd2 41. Rf1 Rc2 42. Re3 Qg4 43. Rfe1 h5 44. Re8+ Kh7 45. R8e3 h4 46. Re5 h3 47. R5e3 f6 48. Rf1 c5 49. Rfe1 c4 50. Rf1 Qd7 51.
Be1 Qd5 52. Ref3 c3 53. g4 Rg2+ 54. Kh1 Rxg4 55. Bxc3 Rxf4 0-1

[Event "*** Biggest EVER Titled Tuesday"]
[Site "Chess.com"]
[Date "2018.04.17"]
[Round "1"]
[White "filali-oujda"]
[Black "Shtembuliak"]
[Result "0-1"]
[WhiteElo "2298"]
[BlackElo "2626"]
[TimeControl "180+2"]
[EndTime "13:09:30 PDT"]
[Termination "Shtembuliak won by resignation"]

1. e4 e6 2. d4 d5 3. exd5 exd5 4.
Nf3 Bd6 5. Bd3 Nf6 6. O-O O-O 7. Bg5 h6 8. Bh4 c5 9. dxc5 Bxc5 10. Nbd2 Nc6 11.
Re1 Bg4 12. Nb3 Bb6 13. Bg3 Re8 14. Rxe8+ Qxe8 15. Qe2 Qxe2 16. Bxe2 Re8 17. Kf1 Ne4 18. Rd1 Nxg3+ 19. hxg3 Be6 20. c3 a6 21. Nc1 Rd8 22. b3 Kf8 23. Nd3 Rc8 24. Nf4 Ne7 25.
Nxe6+ fxe6 26. Ne5 Ke8 27. c4 Bc7 28. Bh5+ Kd8 29.
Nd3 Bb8 30. Bf7 Kd7 31. Ke2 d4 32. f4 Nf5 33. Kf3 Ke7 34. Bg6 Ne3 35. Rc1 Kf6 36. Be4 Rc7 37. Ne5 Ba7 38. g4 Bc5 39. Rb1 Bd6 40. Nd3 b5 41. Rc1 bxc4 42. bxc4 Rxc4 43. Rxc4 Nxc4 44. Bb7 a5 45. Ke4 Ne3 46. g5+ hxg5 47. fxg5+ Kxg5 48. Kxd4 Nf5+ 49. Kc4 Ne3+ 50. Kb5 Bc7 51.
Kc6 Bb8 52. Nc5 e5 53. Kb5 Ba7 54. Nd3 Kf5 55. Kxa5 Nc4+ 56. Kb4 Nd6 57. Bd5 e4 58. Nc5 Ke5 59. Bc6 e3 60. Bf3 Nf5 61. a4 Nd4 62.
Ba8 Bxc5+ 63. Kc3 e2 64. Kd2 Bb4+ 0-1

[Event "*** Biggest EVER Titled Tuesday"]
[Site "Chess.com"]
[Date "2018.04.17"]
[Round "1"]
[White "Gergo85"]
[Black "Kozok"]
[Result "1-0"]
[WhiteElo "2550"]
[BlackElo "2200"]
[TimeControl "180+2"]
[EndTime "13:09:34 PDT"]
[Termination "Gergo85 won by checkmate"]

1. e4 c5 2. Nf3 d6 3. d4 cxd4 4. Qxd4 Nf6 5. Bb5+ Bd7 6. Bxd7+ Nbxd7 7. O-O g6 8. e5 dxe5 9. Nxe5 Bg7 10. Nxd7 Qxd7 11. Qxd7+ Nxd7 12. c3 f5 13. Be3 Kf7 14. Nd2 e5 15.
Rfd1 Rhd8 16. f3 b6 17. Nc4 Nc5 18. Bxc5 bxc5 19. Kf2 Ke6 20. Ke2 Rab8 21. a4 h5 22.
a5 g5 23. a6 g4 24. Rxd8 Rxd8 25. Ra5 Rc8 26. Na3 Bf6 27. Nb5 Bd8 28. Ra1 Bb6 29.
Rd1 Rc6 30. h3 c4 31. hxg4 hxg4 32. fxg4 fxg4 33. Rh1 Rc5 34. Rh6+ Ke7 35. Rxb6 axb6 36. a7 Rc8 37. Nc7 Kd6 38. a8=Q Rxa8 39. Nxa8 Kc6 40. Ke3 Kb7 41. Ke4 Kxa8 42. Kxe5 Kb7 43. Kf4 Kc6 44.
Kxg4 Kb5 45. Kf3 Ka4 46. g4 Kb3 47. g5 Kxb2 48. g6 Kxc3 49. g7 Kb2 50. g8=Q c3 51. Ke2 b5 52. Kd3 b4 53. Qg2+ Ka1 54. Qf1+ Ka2 55. Qe2+ Ka1 56. Qd1+ Kb2 57. Qc2+ Ka3 58. Kc4 b3 59. Qxb3# 1-0

[Event "*** Biggest EVER Titled Tuesday"]
[Site "Chess.com"]
[Date "2018.04.17"]
[Round "1"]
[White "Supernotar"]
[Black "aquaticpineapples"]
[Result "0-1"]
[WhiteElo "2447"]
[BlackElo "2081"]
[TimeControl "180+2"]
[EndTime "13:09:44 PDT"]
[Termination "aquaticpineapples won by checkmate"]

1. d4 d5 2. c4 e6 3. Nf3 Nf6 4. e3 c6 5. Nbd2 Bd6 6. Bd3 Nbd7 7. O-O b6 8. e4 dxe4 9. Nxe4 Be7 10. Qe2 Bb7 11.
b3 Nxe4 12. Qxe4 Nf6 13. Qh4 c5 14. Bb2 Bxf3 15. gxf3 g5 16. Qg3 cxd4 17. Rad1 Nh5 18. Qe5 Bf6 19. Qb5+ Qd7 20. Qxd7+ Kxd7 21. Be4 Rad8 22.
Bxd4 Bxd4 23. Rxd4+ Ke7 24. Rfd1 f5 25. Bc6 Rxd4 26. Rxd4 Rd8 27. Rxd8 Kxd8 28. Kf1 Nf4 29. Bb5 Kc7 30. b4 Kd6 31. a3 h5 32. Ke1 h4 33.
Kd2 Ke5 34. Ke3 Ng2+ 35. Kd3 Ne1+ 36. Ke2 Nc2 37. c5 bxc5 38. bxc5 Nxa3 39. Bd7 Nc4 40. c6 Kd6 41. Bc8 Nb6 42. Bb7 a5 43. Kd3 Nd5 44.
Kc4 Nb4 45. Kb5 Kc7 46. Kxa5 Nxc6+ 47. Ka6 Nb4+ 48. Ka7 Nd3 49. Ba6 Nxf2 50. Be2 g4 51. fxg4 fxg4 52. Ka6 Kd6 53. Kb5 Ke5 54. Kc4 Kf4 55.
Bf1 e5 56. Kc3 Ke3 57. Bg2 h3 58. Bf1 Ne4+ 59. Kc2 Nd2 60. Ba6 g3 61. hxg3 h2 62.
Bb7 Nf3 63. g4 h1=Q 64. g5 Qg2+ 65. Kb3 Qxg5 66. Bd5 e4 67. Bc4 Nd4+ 68. Kc3 Qc5 69. Kb2 Qxc4 70. Ka1 Kd2 71. Kb2 Qb3+ 72. Ka1 Nc2# 0-1

[Event "*** Biggest EVER Titled Tuesday"]
[Site "Chess.com"]
[Date "2018.04.17"]
[Round "1"]
[White "Triumphmate"]
[Black "murmah2003"]
[Result "0-1"]
[WhiteElo "2171"]
[BlackElo "2535"]
[TimeControl "180+2"]
[EndTime "13:09:47 PDT"]
[Termination "murmah2003 won by resignation"]

1. e4 d6 2. d4 Nf6 3. Nc3 e5 4. dxe5 dxe5 5. Qxd8+ Kxd8 6. Bg5 Be6 7. O-O-O+ Bd6 8.
f4 h6 9. Bxf6+ gxf6 10. f5 Bd7 11. Bc4 Rh7 12. Nd5 Be7 13. Nf3 c6 14. Nxe7 Kxe7 15.
Rd2 Bc8 16. Rhd1 Nd7 17. Bb3 Rh8 18. g4 Nc5 19. Re2 b5 20. h4 Bb7 21. g5 hxg5 22. hxg5 Rad8 23. Rg1 Nxb3+ 24. axb3 Rh3 25. gxf6+ Kxf6 26. Ng5 Rh4 27. Nf3 Rf4 28. Ng5 c5 29. c3 Ke7 30. Rge1 Rg8 31. Nh3 Rh4 32. Nf2 c4 33. Kc2 a6 34. bxc4 bxc4 35. b3 cxb3+ 36. Kxb3 Rb8 37. Kc2 Bc6 38. Nd3 Kf6 39. Nb4 Bb7 40. c4 Rc8 41. Kd3 Rg8 42. Nd5+ Bxd5 43. exd5 Rd4+ 44.
Kc3 Rg3+ 45. Kb4 Rgg4 46. Rxe5 Rxc4+ 47. Ka5 Ra4+ 48. Kb6 Rgd4 49. Kc6 Rac4+ 50. Kd6 Rc3 51. Re7 Rcd3 52. R1e5 Rxd5+ 53. Rxd5 Rxd5+ 54. Kxd5 Kxe7 0-1

[Event "*** Biggest EVER Titled Tuesday"]
[Site "Chess.com"]
[Date "2018.04.17"]
[Round "1"]
[White "NMJeevanK"]
[Black "bancsoo"]
[Result "1-0"]
[WhiteElo "2298"]
[BlackElo "2579"]
[TimeControl "180+2"]
[EndTime "13:09:50 PDT"]
[Termination "NMJeevanK won by checkmate"]

1. e4 e5 2. Nf3 Nc6 3. Bb5 a6 4.
Ba4 Nge7 5. c3 g6 6. O-O Bg7 7. Re1 O-O 8. d4 exd4 9. cxd4 b5 10. Bc2 d6 11. h3 Na5 12. Bg5 h6 13. Bd2 c5 14. e5 dxe5 15. Bxa5 Qxa5 16. dxe5 Bb7 17. Nc3 Rad8 18. Qe2 Nd5 19. Ne4 Nf4 20. Qe3 Ne6 21.
Nd6 Bxf3 22. Qxf3 Nd4 23. Qe4 Qc7 24. f4 Rxd6 25. exd6 Qxd6 26. Rad1 Qf6 27. Bb1 h5 28. b3 Qh4 29. Rf1 Rd8 30. f5 Qxe4 31. Bxe4 gxf5 32.
Bxf5 c4 33. bxc4 bxc4 34. Kh2 Be5+ 35. g3 h4 36. Be4 hxg3+ 37. Kg2 Rb8 38. Rb1 Re8 39. Rb7 f6 40. Bd5+ Kh8 41. Bxc4 Rc8 42. Bd3 Rc3 43. Bg6 Ne6 44. Be4 Nf4+ 45. Kh1 Re3 46.
Rc1 Bc3 47. Rd1 Ne6 48. Rh7+ Kg8 49. Bf5 Nf8 50. Rh4 Re2 51. Rg4+ Kf7 52. Rxg3 Be5 53.
Rg2 Re3 54. Rc1 Rf3 55. Bg4 Ra3 56. Rb1 Ke7 57. Rb7+ Kd6 58. Rd2+ Kc5 59. Kg2 Ng6 60.
Rc2+ Kd4 61. Rd7+ Ke3 62. Re2+ Kf4 63. Rf2+ Kg5 64. Rf5+ Kh6 65. Rh5# 1-0

[Event "*** Biggest EVER Titled Tuesday"]
[Site "Chess.com"]
[Date "2018.04.17"]
[Round "1"]
[White "peteseeger"]
[Black "sergeikim"]
[Result "0-1"]
[WhiteElo "2070"]
[BlackElo "2468"]
[TimeControl "180+2"]
[EndTime "13:09:51 PDT"]
[Termination "sergeikim won on time"]

1. e4 e5 2. Nf3 Nc6 3. Bc4 Bc5 4. c3 Nf6 5. d4 exd4 6. e5 d5 7. Bb5 Ne4 8. cxd4 Be7 9. Nc3 O-O 10. Be3 Bg4 11.
h3 Bh5 12. Qc2 Bg6 13. Qb3 Nxc3 14. bxc3 Na5 15. Qa4 c6 16. Be2 b5 17. Qd1 Nc4 18.
O-O a5 19. a4 b4 20. cxb4 axb4 21. Qb3 Na5 22. Qb2 Qb6 23. Nd2 Rfb8 24. f4 f6 25.
f5 Be8 26. e6 c5 27. dxc5 Bxc5 28.
Bxc5 Qxc5+ 29. Kh1 b3 30. Bf3 Rb4 31. Rad1 Rab8 32. Rc1 Qd6 33. Rfd1 Rxa4 34. Ne4 Qa3 35. Nxf6+ gxf6 36. Qxf6 Qf8 37. Qe5 Nc6 38. Qxd5 Ne7 39. Qe5 Rb5 40. Qg3+ Qg7 41. Qxg7+ Kxg7 42. Rd8 b2 43.
Rb1 Ra1 44. Be4 Bc6 45. Bd3 Rd5 46. Rxd5 Bxd5 47. Kh2 Rxb1 48. Bxb1 Kf6 49. g4 Nc6 50. Kg3 Ne5 51. Kf4 Nc4 52. g5+ Ke7 53. g6 h6 54. Ba2 Kf6 0-1